 Dungeon Crawl Stone Soup version 0.29-a0-234-g0dae59b3db (webtiles) character file.

Game seed: 6983061756646127441

32 Aksej the Skirmisher (level 3, -2/29 HPs)
             Began as a Demonspawn Monk on Mar 2, 2022.
             Slain by an orc priest
             ... wielding a +0 flail
              (6 damage)
             ... on level 2 of the Dungeon.
             The game lasted 00:02:09 (959 turns).

Aksej the Skirmisher (Demonspawn Monk)               Turns: 959, Time: 00:02:10

Health: -2/29      AC:  2    Str: 13    XL:     3   Next: 8%
Magic:  3/3        EV: 13    Int: 11    God:
Gold:   58         SH:  0    Dex: 15    Spells: 2/2 levels left

rFire   . . .      SeeInvis .   a - +0 mace
rCold   . . .      Faith    .   (no shield)
rNeg    . . .      Spirit   .   b - +0 robe
rPois   .          Reflect  .   (no helmet)
rElec   .          Harm     .   (no cloak)
rCorr   .          Rampage  .   (no gloves)
Will    .....                   (no boots)
Stlth   ++........              (no amulet)
HPRegen 0.09/turn               (no ring)
MPRegen 0.16/turn               (no ring)

@: no status effects
A: magic regeneration, weakness stinger 1
a: no special abilities


You were on level 2 of the Dungeon.
You visited 1 branch of the dungeon, and saw 2 of its levels.

You collected 58 gold pieces.

Inventory:

Hand Weapons
 a - a +0 mace (weapon)
Armour
 b - a +0 robe (worn)
Scrolls
 d - a scroll of fog
Potions
 g - a potion of might
 h - a potion of magic {unknown}


   Skills:
 * Level 3.3 Fighting
 + Level 3.2 Maces & Flails
 + Level 3.1 Dodging
 + Level 1.9 Stealth


You had 2 spell levels left.
You didn't know any spells.
Your spell library was empty.

Dungeon Overview and Level Annotations

Branches:
Dungeon (2/15)

Altars:


Innate Abilities, Weirdness & Mutations

You regenerate magic rapidly.
You have a small tail.


Message History

The kobold is moderately wounded.
The kobold completely misses you.
The orc priest invokes the aid of Beogh against you.
Pain shoots through your body!
You hit the kobold.
You kill the kobold!
An orc comes into view. It is wielding a +0 club.
You hit the orc priest.
The orc priest is moderately wounded.
The orc priest hits you with a +0 flail!
You hit the orc priest.
The orc priest is heavily wounded.
The orc priest hits you with a +0 flail.
An orc wizard comes into view. It is wielding a +2 dagger of speed.
You sock the orc!
You kill the orc!
You closely miss the orc priest.
You tail-slap the orc priest, but do no damage.
The orc priest is heavily wounded.
The orc priest hits you with a +0 flail!
* * * LOW HITPOINT WARNING * * *
You closely miss the orc priest.
The orc priest is heavily wounded.
The orc priest closely misses you.
The orc wizard casts a spell.
The orc wizard flickers and vanishes!
Deactivating autopickup; reactivate with Ctrl-A.
The orc priest hits you but does no damage.
You hit the orc priest but do no damage.
The orc priest is heavily wounded.
The orc priest invokes the aid of Beogh against you.
Pain shoots through your body!
* * * LOW HITPOINT WARNING * * *
You hit the orc priest.
You tail-slap the orc priest, but do no damage.
The orc priest is severely wounded.
You hit the orc priest.
The orc priest is severely wounded.
The orc priest hits you with a +0 flail.
You die...

##.
######..
#......#
#......#
#......
#.....#
#..)..#
#$..@o#
###+#<#
#.# #..
####


You could see an orc priest.

Vanquished Creatures
  An orc (D:2)
  A bat (D:1)
  3 endoplasms (D:1)
  2 giant cockroaches (D:1)
  A goblin (D:1)
  3 hobgoblins (D:1)
  4 jackals (D:1)
  4 kobolds
  A quokka (D:1)
  A ball python (D:1)
  4 frilled lizards (D:1)
  2 rats (D:1)
27 creatures vanquished.

Notes
Turn   | Place    | Note
-------+----------+-------------------------------------------
     0 | D:1      | Aksej the Demonspawn Monk began the quest for the Orb.
     0 | D:1      | Reached XP level 1. HP: 18/18 MP: 1/1
    80 | D:1      | Gained mutation: You have a small tail. [demonic ancestry]
    80 | D:1      | Reached XP level 2. HP: 16/24 MP: 2/2
   650 | D:1      | Gained mutation: You regenerate magic rapidly. [demonic
                  | ancestry]
   650 | D:1      | Reached XP level 3. HP: 24/29 MP: 3/3
   959 | D:2      | Slain by an orc priest

Illustrated notes

Levels and vault maps discovered:
D:1:      dpeg_arrival_ternary, layout_loops_ring
D:2:      layout_basic, serial_shops, shop_statue, palyth_stone_intersect,
          uniq_crazy_yiuf_cottage

Skill      XL: |  1  2 |
---------------+-------+-----
Dodging        | 3 |  3.1
Maces & Flails | 3 |  3.2
Fighting       | |  3.3
Stealth        | |  1.9

Action                   || total
-------------------------++-------
Melee: Mace              ||    75
       Tailslap          ||     7
  Use: Scroll            ||     4
 Stab: Sleeping          ||     3
Armor: Robe              ||    13
Dodge: Dodged            ||    52

Table legend: (Time is in decaauts)
 A = Elapsed time spent in this place.
 B = Non-inter-level travel time spent in this place.
 C = Inter-level travel time spent in this place.
 D = Time resting spent in this place.
 E = Time spent auto-exploring this place.
 F = Levels seen in this place.
 G = Mean time per level.
                   A        B        C        D        E       F      G
               +--------+--------+--------+--------+--------+-----+--------+
         Total |    977 |    946 |     31 |      0 |    745 |   2 |  488.5 |
       Dungeon |    977 |    946 |     31 |      0 |    745 |   2 |  488.5 |
               +--------+--------+--------+--------+--------+-----+--------+

Top non-repeatable levels by time:
     D:1: 963 daAuts
     D:2: 13 daAuts
